 Dungeon Crawl Stone Soup version 0.23-a0-619-g281719c (webtiles) character file.

106038 rgaf the Unseen (level 15, -19/75 HPs)
             Began as a Spriggan Enchanter on Dec 22, 2018.
             Was a High Priest of Sif Muna.
             Killed by the raging water
             ... invoked by a water nymph
              (33 damage)
             ... on level 2 of the Shoals on Dec 23, 2018.
             The game lasted 01:16:05 (34733 turns).

rgaf the Unseen (Spriggan Enchanter)               Turns: 34733, Time: 01:16:10

Health: -19/75     AC: 10    Str:  4    XL:     15   Next: 96%
Magic:  12/36      EV: 31    Int: 24    God:    Sif Muna [*****.]
Gold:   827        SH:  0    Dex: 16    Spells: 11/46 levels left

rFire    . . .     SeeInvis +   O - +0 rapier (elec)
rCold    . . .     Gourm    .   (shield restricted)
rNeg     . . .     Faith    .   E - +5 robe of Night {Dark MR+ SInv}
rPois    +         Spirit   .   (helmet restricted)
rElec    .         Reflect  .   Z - +2 cloak {+Inv}
rCorr    .         Harm     .   (gloves unavailable)
MR       +++..                  (boots unavailable)
Stlth    ++++......             t - amulet of regeneration
HPRegen  0.62/turn              D - ring of wizardry
MPRegen  0.25/turn              x - ring of poison resistance

@: about to teleport, mesmerised, deflect missiles, slow
A: very small, unfitting armour, see invisible, herbivore, speed 3, slow
metabolism 2
a: Divine Energy, Channel Magic, Forget Spell, Renounce Religion, Evoke
Invisibility


You were on level 2 of the Shoals.
You worshipped Sif Muna.
Sif Muna was extremely pleased with you.
You were not hungry.

You visited 6 branches of the dungeon, and saw 27 of its levels.

You collected 1970 gold pieces.
You spent 1143 gold pieces at shops.

Inventory:

Hand Weapons
 a - a +2 dagger
 z - a +0 rapier of flaming
 O - a +0 rapier of electrocution (weapon)
 T - a +1 vampiric rapier
 Y - a +3 dagger
Armour
 b - a +1 robe
 g - a scarf of spirit shield
 w - a +0 cloak
 B - a scarf of spirit shield
 E - the +5 robe of Night (worn) {Dark MR+ SInv}
   (You bought it in a shop on level 1 of the Orcish Mines)

   It affects your resistance to hostile enchantments.
   It lets you see invisible.
 G - a +1 cloak
 P - a +2 robe of magic resistance
 R - a cursed -2 buckler
 U - a +1 robe of magic resistance
 Z - a +2 cloak of invisibility (worn)
Jewellery
 s - an uncursed ring of magical power
 t - an amulet of regeneration (around neck)
 u - an uncursed ring of positive energy
 x - a ring of poison resistance (right hand)
 D - a ring of wizardry (left hand)
Wands
 k - a wand of disintegration (5)
 n - a wand of paralysis (20)
 v - a wand of random effects (39)
 F - a wand of digging (6)
 L - a wand of flame (44)
 Q - a wand of polymorph (34)
 S - a wand of iceblast (4)
Scrolls
 e - 3 scrolls of teleportation
 f - 7 scrolls of remove curse
 h - 6 scrolls of enchant armour
 i - 5 scrolls of immolation
 m - 4 scrolls of fog
 y - 3 scrolls of magic mapping
 H - a scroll of silence
 J - a scroll of fear
 N - 4 scrolls of enchant weapon
 W - 2 scrolls of identify
 X - 2 scrolls of summoning
Potions
 c - 10 potions of curing
 j - 2 potions of cancellation
 l - 6 potions of brilliance
 o - 6 potions of agility
 p - 2 potions of might
 q - 5 potions of lignification
 r - 4 potions of flight
 A - 3 potions of haste
 C - 2 potions of berserk rage
 I - 3 potions of mutation
 K - a potion of ambrosia
 M - a potion of heal wounds
 V - a potion of magic
Comestibles
 d - 27 rations


   Skills:
 + Level 7.2 Fighting
 - Level 10.0 Short Blades
 - Level 15.6 Dodging
 - Level 18.0 Stealth
 - Level 16.4 Spellcasting
 - Level 15.0 Hexes
 * Level 5.4 Charms
 + Level 5.2 Summonings
 + Level 2.2 Air Magic


You had 11 spell levels left.
You knew the following spells:

 Your Spells              Type           Power        Failure   Level  Hunger
a - Discord               Hex            #######...   16%         8    #######
b - Ensorcelled Hibernat  Hex/Ice        ######       1%          2    None
c - Confuse               Hex            #######.     0%          3    None
d - Tukima's Dance        Hex            #######.     0%          3    None
e - Dazzling Spray        Conj/Hex       ######       1%          3    None
f - Summon Mana Viper     Hex/Summ       ######..     1%          5    #......
g - Deflect Missiles      Chrm/Air       #####.....   32%         6    ####...
h - Silence               Hex/Air        ######....   1%          5    #......

Your spell library contained the following spells:

 Spells                   Type           Power        Failure   Level  Hunger
 Corona                   Hex            #######      0%          1    None
 Slow                     Hex            #######.     0%          2    None
 Apportation              Tloc           ###...       1%          1    None
 Flame Tongue             Conj/Fire      ###..        1%          1    None
 Freeze                   Ice            ###.         1%          1    None
 Sandblast                Erth           ###...       1%          1    None
 Summon Butterflies       Summ           #####...     1%          1    None
 Passwall                 Tmut/Erth      ###.....     1%          2    None
 Shroud of Golubria       Chrm/Tloc      ####......   1%          2    None
 Song of Slaying          Chrm           #####...     1%          2    None
 Sticks to Snakes         Tmut           ###.....     1%          2    None
 Throw Frost              Conj/Ice       ###...       1%          2    None
 Call Canine Familiar     Summ           #####...     1%          3    None
 Ozocubu's Armour         Chrm/Ice       ####....     1%          3    None
 Portal Projectile        Hex/Tloc       ######       1%          3    None
 Spectral Weapon          Hex/Chrm       ######..     1%          3    None
 Cause Fear               Hex            #######...   1%          4    None
 Yara's Violent Unravell  Hex/Tmut       ######....   1%          5    #......
 Gell's Gravitas          Tloc           ###.......   3%          3    None
 Ignite Poison            Fire/Tmut/Pois ###.....     3%          3    None
 Lesser Beckoning         Tloc           ###.......   3%          3    None
 Spider Form              Tmut/Pois      ###.......   3%          3    None
 Stone Arrow              Conj/Erth      ###...       3%          3    None
 Aura of Abjuration       Summ           #####.....   3%          5    #......
 Summon Ice Beast         Ice/Summ       ####....     4%          4    None
 Force Lance              Conj/Tloc      ###.....     11%         4    None
 Passage of Golubria      Tloc           N/A          11%         4    None
 Petrify                  Tmut/Erth      ###.....     11%         4    None
 Throw Icicle             Conj/Ice       ###.....     11%         4    None
 Bolt of Magma            Conj/Fire/Erth ###.......   28%         5    #......
 Lee's Rapid Deconstruct  Erth           ###.......   28%         5    #......
 Summon Hydra             Summ           #####.....   69%         7    ######.
 Bolt of Fire             Conj/Fire      ###.......   82%         6    ####...
 Dispersal                Tloc           ###.......   82%         6    ####...
 Poison Arrow             Conj/Pois      ###.......   82%         6    ####...
 Spellforged Servitor     Conj/Summ      ####......   95%         7    ######.
 Dragon Form              Tmut           ###.......   100%        7    ######.
 Disjunction              Tloc           ###.......   100%        8    #######
 Dragon's Call            Summ           #####.....   100%        9    #######


Dungeon Overview and Level Annotations

Branches:
Dungeon (15/15)            Temple (1/1) D:4            Lair (6/6) D:11
 Shoals (2/4) Lair:4        Snake (1/4) Lair:2        Slime (0/5) Lair:6
    Orc (2/2) D:9             Elf (0/3) Orc:2        Vaults (0/5) D:13
 Depths (0/5) D:15

Altars:
Ashenzari
Cheibriados
Dithmenos
Elyvilon
Fedhas
Gozag
Hepliaklqana
Kikubaaqudgha
Makhleb
Nemelex Xobeh
Okawaru
Qazlal
Ru
Sif Muna
Trog
Uskayaw
Vehumet
Wu Jian
Xom
Yredelemnul
Zin
The Shining One
Beogh
Jiyva

Shops:
D:8 %   Orc:1 [   Orc:2 =!!=

Portals:
Trove: D:11 (give +5 demon blade)

Annotations:
D:6 5 runed doors
D:12 Frances
D:15 Agnes
Lair:1 1 runed door, RichardCranium's ghost, journeyman MfVM
Lair:4 Josephine
Lair:6 1 runed door
Snake:1 Asterion


Innate Abilities, Weirdness & Mutations

You are very small and have problems with some larger weapons.
You are too small for most types of armour.
You have supernaturally acute eyesight. (SInv)
You are a herbivore.
You cover ground extremely quickly.
You need to consume almost no food.


Message History

The merfolk avatar chants its luring song.
The water nymph completely misses you.
Splash!
You fall into the shallow water.
Moving in this stuff is going to be slow.
Okay, then.
As you read the scroll of teleportation, it crumbles to dust.
You feel strangely unstable.
Your mana viper bites the merfolk avatar!
The merfolk avatar's magic leaks into the air.
The merfolk hits you from afar with a +0 spear!
The wind drake flaps its wings at you. The air twists around and strikes you!
* * * LOW HITPOINT WARNING * * *
The merfolk avatar falters for a moment.
The merfolk siren chants a haunting song.
You resist with almost no effort.
The water nymph points at you and mumbles some strange words.
The water swirls and strikes you!
You die...

≈≈≈≈≈≈...?.........
≈≈≈≈≈≈...............
≈≈≈..≈..##§≈.........
≈≈≈..<.###...........
≈≈≈....##..≈...≈.....
≈≈≈......≈.mm≈.≈≈....
≈≈≈≈.....≈≈SSk.≈≈≈≈≈≈
≈≈k≈≈>..≈≈≈m≈m...≈≈≈≈
≈≈≈≈≈≈....≈@≈.≈..≈≈≈≈
≈≈......≈≈≈≈≈≈≈
≈≈≈.≈≈≈≈≈≈≈≈≈≈≈
≈≈≈≈≈≈≈≈≈≈≈≈≈≈≈
≈≈≈≈≈≈≈≈≈≈≈≈≈
≈≈≈≈≈≈≈≈≈≈≈≈
≈≈≈≈≈≈≈≈≈≈≈≈


You could see a merfolk avatar, a wind drake, a merfolk, a merfolk siren, a
water nymph and 2 friendly mana vipers.

Vanquished Creatures
  Nikola (Lair:2)
  Kirke (D:12)
  An orc warlord (Orc:2)
  Nessos (D:14)
  Snorg (D:12)
  A fire dragon (D:12)
  An ettin (D:14)
  A merfolk impaler (Shoals:1)
  Fannar (D:12)
  Erolcha (D:12)
  2 hydras
  3 catoblepae
  An anaconda (Snake:1)
  3 centaur warriors
  6 two-headed ogres
  A deep troll shaman (Lair:6)
  2 death yaks
  A titan zombie (D:15)
  A naga sharpshooter (Snake:1)
  2 orc high priests (Orc:2)
  2 skeletal warriors (D:15)
  3 unseen horrors
  2 sea snakes (Shoals:1)
  5 harpies (Shoals:1)
  2 orc knights (Orc:2)
  A necromancer (D:15)
  A deep elf mage (D:13)
  A wolf spider (D:15)
  A wolf spider zombie (D:14)
  3 orc sorcerers (Orc:2)
  22 elephants
  2 cyclopes
  4 manticores
  2 fauns (Shoals:1)
  10 ugly things
  2 moths of wrath (Lair:6)
  Maurice (Orc:2)
  Joseph (Lair:1)
  2 black mambas
  10 spiny frogs
  2 merfolk sirens (Shoals:1)
  A guardian serpent (Lair:2)
  A gargoyle (D:13)
  A torpor snail (Lair:6)
  7 centaur skeletons
  5 rime drakes
  An elf skeleton (D:15)
  An efreet (D:15)
  8 komodo dragons
  A freezing wraith (D:15)
  4 merfolk
  2 meliai (D:14)
  9 trolls
  12 tyrant leeches
  A polar bear (Lair:4)
  A wind drake (Shoals:1)
  16 blink frogs
  2 hornets
  10 slime creatures
  Prince Ribbit (D:5)
  2 snapping turtles (Shoals:1)
  4 hippogriffs
  A water elemental (Shoals:1)
  Sigmund (D:2)
  A vampire (D:15)
  3 wraiths
  Eustachio (D:5)
  6 wyverns
  60 yaks
  A shadow (D:12)
  A yak (shapeshifter) (D:13)
  A fire bat (shapeshifter) (D:15)
  2 hogs (D:12)
  2 basilisks
  2 hungry ghosts
  A steam dragon (Lair:3)
  3 vampire mosquitoes (D:13)
  6 wargs
  3 swamp worms (Lair:6)
  17 water moccasins
  12 porcupines
  An eye of draining (D:14)
  4 black bears
  24 orc warriors
  3 ice beasts
  4 sky beasts
  A hornet zombie (D:14)
  3 phantoms
  8 ogres
  2 necrophages
  14 centaurs
  21 wolves
  16 crocodiles
  4 big kobolds
  Blork the orc (D:5)
  22 bullfrogs
  A wyvern zombie (D:11)
  3 scorpions
  6 killer bees (D:8)
  10 wights
  A howler monkey (D:5)
  2 bullfrog zombies
  8 crimson imps
  A lava snake (D:14)
  2 hounds
  Crazy Yiuf (D:5)
  Ijyb (D:3)
  9 jellies
  18 orc priests
  5 bullfrog skeletons
  2 centaur zombies
  3 iguanas
  Terence (D:2)
  16 orc wizards
  8 worker ants
  A killer bee zombie (D:3)
  4 hound skeletons
  A howler monkey zombie (D:10)
  4 gnolls (D:9)
  12 adders
  8 shadow imps
  3 oozes
  An adder zombie (D:9)
  An adder skeleton (D:6)
  4 worms
  3 dart slugs
  5 leopard geckos
  67 orcs
  10 bats
  5 giant cockroaches
  9 goblins
  12 hobgoblins
  6 jackals
  24 kobolds
  4 quokkas
  7 frilled lizards
  A giant cockroach zombie (D:6)
  2 leopard gecko skeletons
  A quokka skeleton (D:8)
  6 rats
752 creatures vanquished.

Vanquished Creatures (collateral kills)
  2 dancing weapons (D:13)
  3 orc high priests (Orc:2)
  2 orc knights (Orc:2)
  An orc sorcerer (Orc:2)
  A manticore (Shoals:1)
  A water nymph (Shoals:1)
  A meliai (D:14)
  A hippogriff (Shoals:2)
  A water elemental (D:14)
  A warg (Orc:2)
  10 orc warriors (Orc:2)
  3 ogres (Orc:2)
  A bullfrog (D:14)
  14 orc priests
  4 orc wizards
  27 orcs
73 creatures vanquished.

Vanquished Creatures (others)
  2 humans (D:12)
  A warg (Orc:2)
  An orc warrior (Orc:2)
  An ogre (Orc:1)
  A bullfrog (D:12)
  6 orcs (Orc:2)
  10 bushes (Lair:6)
  58 fungi
  35 plants
  2 withered plants (D:15)
117 creatures vanquished.

Grand Total: 942 creatures vanquished

Notes
Turn   | Place    | Note
-------+----------+-------------------------------------------
     0 | D:1      | rgaf the Spriggan Enchanter began the quest for the Orb.
     0 | D:1      | Reached XP level 1. HP: 9/9 MP: 5/5
   318 | D:1      | Reached XP level 2. HP: 11/13 MP: 6/6
   350 | D:1      | Learned a level 2 spell: Ensorcelled Hibernation
   596 | D:1      | Reached skill level 5 in Stealth
  1147 | D:2      | Reached XP level 3. HP: 4/16 MP: 3/8
  1334 | D:2      | Noticed Terence
  1348 | D:2      | Killed Terence
  2048 | D:2      | Reached XP level 4. HP: 20/21 MP: 6/9
  2319 | D:2      | Noticed Sigmund
  2325 | D:2      | Killed Sigmund
  2325 | D:2      | Reached skill level 6 in Stealth
  2325 | D:2      | Reached skill level 5 in Hexes
  2325 | D:2      | Reached XP level 5. HP: 24/24 MP: 8/11
  2854 | D:3      | Reached skill level 7 in Stealth
  2922 | D:3      | Reached XP level 6. HP: 28/28 MP: 12/12
  2947 | D:3      | Noticed a sky beast
  2964 | D:3      | Killed a sky beast
  3560 | D:3      | Noticed Ijyb
  3562 | D:3      | Found a sparkling altar of Nemelex Xobeh.
  3851 | D:3      | Learned a level 3 spell: Confuse
  3855 | D:3      | Learned a level 3 spell: Tukima's Dance
  3859 | D:3      | Learned a level 3 spell: Dazzling Spray
  3876 | D:3      | Killed Ijyb
  3895 | D:3      | Reached skill level 8 in Stealth
  4081 | D:4      | Reached XP level 7. HP: 27/32 MP: 10/14
  4283 | D:4      | Found a staircase to the Ecumenical Temple.
  4358 | Temple   | Entered the Ecumenical Temple
  4698 | D:4      | Found a glowing silver altar of Zin.
  4803 | D:4      | Found a deep blue altar of Sif Muna.
  4809 | D:4      | Became a worshipper of Sif Muna the Loreminder
  5001 | D:5      | Entered Level 5 of the Dungeon
  5085 | D:5      | Found a runed door.
  5089 | D:5      | Noticed Crazy Yiuf
  5093 | D:5      | Killed Crazy Yiuf
  5221 | D:5      | Noticed Blork the orc
  5228 | D:5      | Killed Blork the orc
  5228 | D:5      | Reached skill level 9 in Stealth
  5259 | D:5      | Noticed Eustachio
  5263 | D:5      | Killed Eustachio
  5263 | D:5      | Reached skill level 5 in Spellcasting
  5455 | D:5      | Reached XP level 8. HP: 36/36 MP: 16/16
  5608 | D:5      | Noticed Prince Ribbit
  6179 | D:5      | Reached skill level 10 in Stealth
  6342 | D:5      | Killed Prince Ribbit
  6361 | D:5      | Reached * piety under Sif Muna
  6624 | D:6      | Found a runed gate.
  6624 | D:6      | Found a runed door.
  6668 | D:6      | Reached skill level 5 in Short Blades
  6668 | D:6      | Reached skill level 11 in Stealth
  6890 | D:6      | Found a runed gate.
  6896 | D:6      | Found a runed door.
  6923 | D:6      | Found the +9 staff of Olgreb {rPois}
  6990 | D:6      | Found a runed gate.
  7113 | D:7      | Found an ornate altar of the Wu Jian Council.
  7219 | D:7      | Reached XP level 9. HP: 39/39 MP: 19/19
  7652 | D:7      | Reached skill level 12 in Stealth
  8016 | D:8      | Found Raovu's Food Shoppe.
  8056 | D:8      | Reached ** piety under Sif Muna
  8056 | D:8      | Reached skill level 10 in Hexes
  8487 | D:9      | Reached skill level 13 in Stealth
  8506 | D:8      | Reached XP level 10. HP: 40/44 MP: 11/22
  8595 | D:9      | Found a hazy altar of Hepliaklqana.
  8682 | D:9      | Found a staircase to the Orcish Mines.
  9036 | D:9      | Found a glowing golden altar of the Shining One.
  9494 | D:9      | Reached skill level 14 in Stealth
  9613 | D:9      | Noticed a two-headed ogre
  9643 | D:9      | Killed a two-headed ogre
  9643 | D:9      | Reached *** piety under Sif Muna
  9718 | D:10     | Entered Level 10 of the Dungeon
 10241 | D:10     | Reached XP level 11. HP: 25/47 MP: 4/24
 10257 | D:10     | Reached skill level 15 in Stealth
 10447 | D:10     | Noticed a two-headed ogre
 10746 | D:10     | Found a sacrificial altar of Ru.
 10751 | D:10     | Noticed a two-headed ogre
 10753 | D:10     | Killed a two-headed ogre
 11088 | D:11     | Found a staircase to the Lair.
 11088 | D:11     | Noticed a purple ugly thing
 11161 | D:11     | Noticed a two-headed ogre
 11278 | D:11     | Killed a two-headed ogre
 11278 | D:11     | Reached **** piety under Sif Muna
 11310 | D:11     | Reached skill level 16 in Stealth
 11411 | D:11     | Noticed a brown ugly thing
 11814 | D:11     | Killed a purple ugly thing
 11826 | D:11     | Killed a brown ugly thing
 12350 | D:11     | Found a portal to a secret trove of treasure.
 12610 | Lair:1   | Entered Level 1 of the Lair of Beasts
 12646 | Lair:1   | Identified a scroll of acquirement
 13014 | Lair:1   | You fall through a shaft!
 13176 | Lair:2   | Reached XP level 12. HP: 50/51 MP: 21/26
 13410 | Lair:2   | Found a staircase to the Snake Pit.
 13421 | Lair:2   | Reached skill level 10 in Spellcasting
 13520 | Lair:2   | Reached skill level 17 in Stealth
 13881 | Lair:1   | Found a runed door.
 13881 | Lair:1   | Noticed RichardCranium's ghost (journeyman MfVM)
 13881 | Lair:1   | Noticed Joseph
 13890 | Lair:1   | Killed Joseph
 14262 | Lair:1   | Reached ***** piety under Sif Muna
 14849 | Lair:3   | Noticed an eight-headed hydra
 14851 | Lair:3   | Killed an eight-headed hydra
 15038 | Lair:3   | Identified Sif Muna's Tome of Execration and the Entourage
                  | (Sif Muna gifted it to you on level 3 of the Lair of
                  | Beasts)
 15038 | Lair:3   | Received a gift from Sif Muna
 15802 | Lair:4   | Reached skill level 18 in Stealth
 16157 | Lair:4   | Noticed Josephine
 16448 | Lair:4   | Found a staircase to the Shoals.
 16500 | Lair:3   | Reached skill level 10 in Short Blades
 16683 | Lair:4   | Reached skill level 15 in Hexes
 17576 | Lair:4   | Reached XP level 13. HP: 38/55 MP: 6/29
 18512 | Lair:5   | You fall through a shaft!
 18512 | Lair:6   | Entered Level 6 of the Lair of Beasts
 18514 | Lair:6   | Identified Sif Muna's Tome of Orientation (Sif Muna gifted
                  | it to you on level 6 of the Lair of Beasts)
 18514 | Lair:6   | Received a gift from Sif Muna
 19230 | Lair:6   | Reached skill level 1 in Fighting
 19646 | Lair:6   | Reached skill level 5 in Dodging
 20967 | Lair:6   | Reached XP level 14. HP: 65/65 MP: 30/33
 21423 | Lair:6   | Reached skill level 10 in Dodging
 21663 | Lair:6   | Reached skill level 15 in Spellcasting
 22054 | Lair:6   | Found a runed door.
 22054 | Lair:6   | Found a viscous altar of Jiyva.
 22057 | Lair:6   | Noticed an azure jelly
 22058 | Lair:6   | Found a staircase to the Slime Pits.
 22059 | Lair:6   | Noticed an azure jelly
 22629 | Lair:6   | Identified the Grimoire of Aid and Poison
 22987 | Orc:1    | Entered Level 1 of the Orcish Mines
 23014 | Orc:1    | Learned a level 8 spell: Discord
 23345 | Orc:1    | Received a gift from Sif Muna
 23516 | Orc:2    | Entered Level 2 of the Orcish Mines
 23758 | Orc:2    | Noticed Maurice
 23782 | Orc:2    | Killed Maurice
 24574 | Orc:2    | Found a staircase to the Elven Halls.
 24921 | Orc:2    | Noticed an orc warlord
 24964 | Orc:2    | Found a roughly hewn altar of Beogh.
 25146 | Orc:2    | Found a roughly hewn altar of Beogh.
 25149 | Orc:2    | Found Puxed's Jewellery Emporium.
 25153 | Orc:2    | Found Godutak's Distillery.
 25179 | Orc:2    | Bought a potion of resistance for 140 gold pieces
 25179 | Orc:2    | Bought a potion of haste for 140 gold pieces
 25672 | Orc:2    | Reached skill level 5 in Fighting
 25938 | Orc:2    | Killed an orc warlord
 26019 | Orc:2    | Found Tiuf's Jewellery Shoppe.
 26229 | Orc:2    | Found Odghutz's Distillery.
 26394 | Orc:2    | Bought a potion of heal wounds for 55 gold pieces
 26394 | Orc:2    | Bought a potion of magic for 88 gold pieces
 26456 | Orc:1    | Found Qalup's Armour Boutique.
 26565 | Orc:1    | Bought the +5 robe of Night {Dark MR+ SInv} for 720 gold
                  | pieces
 26565 | Orc:1    | Found the +5 robe of Night {Dark MR+ SInv}
 27505 | D:12     | Noticed Snorg
 27508 | D:12     | Noticed Fannar
 27510 | D:12     | Killed Snorg
 27515 | D:12     | Killed Fannar
 27610 | D:12     | Noticed Frances
 27853 | D:12     | Noticed Erolcha
 27868 | D:12     | Killed Erolcha
 27971 | D:12     | Learned a level 5 spell: Summon Mana Viper
 28065 | D:12     | Noticed Kirke
 28070 | D:12     | Killed Kirke
 28070 | D:12     | Reached skill level 1 in Summonings
 28070 | D:12     | Reached XP level 15. HP: 73/73 MP: 35/35
 28722 | D:13     | Identified the Guide on the Compass and Moulding
 28933 | D:13     | Found a gate to the Vaults.
 29110 | D:13     | Received a gift from Sif Muna
 29935 | D:14     | Noticed Nessos
 29940 | D:14     | Killed Nessos
 30383 | D:14     | Reached skill level 15 in Dodging
 30728 | D:15     | Entered Level 15 of the Dungeon
 30987 | D:15     | Identified the +8 long sword of Xyipsugo {flame, rC+ rN++
                  | Int-2}
 31398 | D:15     | Found a staircase to the Depths.
 31468 | D:15     | Noticed Agnes
 32492 | Snake:1  | Entered Level 1 of the Snake Pit
 32503 | Snake:1  | Learned a level 6 spell: Deflect Missiles
 32514 | Snake:1  | Noticed Nikola
 32532 | Snake:1  | Noticed Asterion
 32926 | Lair:2   | Learned a level 5 spell: Silence
 33027 | Lair:2   | Found a staircase to the Snake Pit.
 33319 | Lair:2   | Killed Nikola
 33515 | Snake:1  | Reached skill level 1 in Air Magic
 33654 | Shoals:1 | Entered Level 1 of the Shoals
 34046 | Shoals:1 | Reached skill level 5 in Summonings
 34292 | Shoals:1 | Identified Sif Muna's Reference Book on Confrontation (Sif
                  | Muna gifted it to you on level 1 of the Shoals)
 34292 | Shoals:1 | Received a gift from Sif Muna
 34312 | Shoals:1 | Reached skill level 5 in Charms
 34733 | Shoals:2 | Killed from afar by a water nymph

Vault maps used:
D:1:      ebering_trefoil_twist, serial_park_tiny_2
D:2:      minmay_evil_eye, uniq_sigmund, uniq_terence
D:3:      minmay_spotlight, nicolae_overflow_crystal_walls,
          ebering_dispersal_statue_hall, uniq_ijyb
D:4:      kennysheep_mini_moat, overflow_temple_1_default,
          minmay_temple_entry_poolview, first_ration
D:5:      wad_crossroads, minmay_fractal_squares_diagonal_5, uniq_eustachio,
          uniq_crazy_yiuf_cottage, uniq_blork_the_orc, uniq_prince_ribbit1
D:6:      minmay_guarded_unrand_staff_of_olgreb
D:7:      overflow_temple_1_default, dk_rats_in_the_wall
D:8:      serial_shops, shop_statue
D:9:      old_standard_altar, tso_oasis_becter, david_orc_3
D:10:     basic_altar, blue_anna_alchemist, kennysheep_generic_room_7
D:11:     due_lair_maze_entry_diamond, serial_curves, eino_curves_03,
          eino_curves_01, eino_curves_02, enter_trove_1
D:12:     minmay_fractal_squares_gapless_5, uniq_snorg, uniq_erolcha,
          uniq_frances, uniq_fannar, uniq_kirke
D:13:     erik_vaults_1, roderic_roman_lattice
D:14:     corexii_leaking_fountain, nicolae_lava_and_water, minmay_three_doors,
          uniq_nessos
D:15:     gammafunk_depths_entry_grave, hangedman_decor_clover_reticule,
          uniq_agnes
Temple:   nicolae_temple_elliptical
Lair:1:   gammafunk_ghost_grave, serial_bayou_shore_b, uniq_joseph
Lair:2:   minmay_snake_entry_spellcaster, minmay_holes
Lair:3:   grunt_megastairs_1
Lair:4:   shoals_dummy_entry, uniq_josephine
Lair:5:   infiniplex_staircase_pool_2
Lair:6:   grunt_lair_end_beastmaster, slime_altar_2, minivault_23,
          minmay_hedge_maze, chequers_serial_rivers_marsh, st_stairs_12,
          chequers_serial_rivers_large_a, worms_lemuel
Shoals:2: serial_shops, shop, nicolae_shop_behind_doors,
          nicolae_shop_statue_plus, nicolae_shoals_square_sea_wall
Snake:1:  minmay_snake_river, ebering_ghost_inner_flame,
          minmay_shop_grid_forest, uniq_azrael, uniq_nikola, uniq_asterion
Orc:1:    serial_shops, shop_coins
Orc:2:    pubby_orc_utopia, uniq_maurice

Skill      XL: |  1  2  3  4  5  6  7  8  9 10 11 12 13 14 15 |
---------------+----------------------------------------------+-----
Hexes          | 4 5 6 7 9 10 12 13 15 | 15.0
Spellcasting   | 3 4 5 6 7 8 9 11 14 15 16 | 16.4
Stealth        | 5 6 7 8 9 11 13 14 16 18 | 18.0
Short Blades   | 2 3 4 5 6 7 8 10 | 10.0
Dodging        | 9 14 15 | 15.6
Fighting       | 3 5 7 |  7.2
Summonings     | 1 5 |  5.2
Charms         | 5 |  5.4
Air Magic      | 2 |  2.2

Action                   |  1- 3 |  4- 6 |  7- 9 | 10-12 | 13-15 || total
-------------------------+-------+-------+-------+-------+-------++-------
Melee: Dagger            |   132 |   165 |   294 |   418 |   639 ||  1648
       Rapier            |       |       |       |       |    57 ||    57
 Cast: Ensorcelled Hiber |    11 |    25 |    52 |   236 |   472 ||   796
       Confuse           |       |     1 |    17 |    37 |    67 ||   122
       Discord           |       |       |       |       |    12 ||    12
       Dazzling Spray    |       |       |       |       |    17 ||    17
       Summon Mana Viper |       |       |       |       |    19 ||    19
       Tukima's Dance    |       |       |       |       |     4 ||     4
       Deflect Missiles  |       |       |       |       |     1 ||     1
       Silence           |       |       |       |       |     1 ||     1
 Abil: Evoke Invisibilit |       |       |       |       |     1 ||     1
Evoke: Wand              |       |       |     8 |     7 |    15 ||    30
       Phantom mirror    |       |       |       |       |     1 ||     1
  Use: Scroll            |       |     5 |     3 |    22 |    16 ||    46
       Potion            |       |       |       |     1 |     8 ||     9
 Stab: Sleeping          |    12 |    33 |    53 |   172 |   329 ||   599
       Confused          |       |     1 |    12 |    23 |    44 ||    80
       Distracted        |       |     1 |     2 |     1 |       ||     4
  Eat: Ration            |       |     1 |     2 |     5 |    12 ||    20
Armor: Robe              |    15 |    12 |    36 |    36 |    54 ||   153
Dodge: Dodged            |   117 |   100 |   167 |   283 |   644 ||  1311

Table legend:
 A = Non-vault XP
 B = Vault XP
 C = Vault XP percentage of total XP
 D = Non-vault monster count
 E = Vault monster count
 F = Vault count percentage of total count
                 A         B        C        D         E       F
            +---------+---------+-------+---------+---------+-------
      Total |  101278 |   50205 |  33.1 |     587 |     240 |  29.0
            +---------+---------+-------+---------+---------+-------
        D:1 |      27 |       0 |   0.0 |      13 |       0 |   0.0
        D:2 |      45 |     269 |  85.7 |      20 |       7 |  25.9
        D:3 |     291 |      67 |  18.7 |      34 |       5 |  12.8
        D:4 |     288 |       0 |   0.0 |      14 |       0 |   0.0
        D:5 |     216 |     914 |  80.9 |      12 |      14 |  53.8
        D:6 |     638 |       0 |   0.0 |      11 |       0 |   0.0
        D:7 |     992 |       0 |   0.0 |      21 |       0 |   0.0
        D:8 |    1231 |       0 |   0.0 |      17 |       0 |   0.0
        D:9 |    3838 |      58 |   1.5 |      34 |       7 |  17.1
       D:10 |    3815 |     301 |   7.3 |      26 |       4 |  13.3
       D:11 |    5371 |    1546 |  22.4 |      39 |      11 |  22.0
       D:12 |    7097 |    6479 |  47.7 |      33 |      10 |  23.3
       D:13 |    6543 |     918 |  12.3 |      43 |       2 |   4.4
       D:14 |    5756 |    3446 |  37.4 |      34 |       4 |  10.5
       D:15 |    9109 |    3083 |  25.3 |      21 |       5 |  19.2
     Lair:1 |    3895 |     460 |  10.6 |      25 |       1 |   3.8
     Lair:2 |    2268 |    3259 |  59.0 |      12 |       2 |  14.3
     Lair:3 |    5062 |       0 |   0.0 |      21 |       0 |   0.0
     Lair:4 |    5083 |     209 |   3.9 |      23 |       1 |   4.2
     Lair:5 |   11808 |    1434 |  10.8 |      35 |       3 |   7.9
     Lair:6 |   13378 |   11085 |  45.3 |      50 |      30 |  37.5
   Shoals:1 |   11233 |       0 |   0.0 |      25 |       0 |   0.0
   Shoals:2 |     406 |       0 |   0.0 |       2 |       0 |   0.0
    Snake:1 |     824 |     940 |  53.3 |       1 |       2 |  66.7
      Orc:1 |    1155 |       0 |   0.0 |      17 |       0 |   0.0
      Orc:2 |     909 |   15737 |  94.5 |       4 |     132 |  97.1
            +---------+---------+-------+---------+---------+-------
